 Dungeon Crawl Stone Soup version 0.28-a0-1152-g9c71ebef14 (webtiles) character file.

Game seed: 344050714128722491

15 cheechan the Gusty (level 2, 0/17 HPs)
             Began as an Octopode Air Elementalist on Dec 14, 2021.
             Slain by a quokka (5 damage)
             ... on level 1 of the Dungeon.
             The game lasted 00:02:15 (528 turns).

cheechan the Gusty (Octopode Air Elementalist)       Turns: 528, Time: 00:02:16

Health: 0/17       AC:  1    Str:  7    XL:     2   Next: 50%
Magic:  0/5        EV: 13    Int: 17    God:
Gold:   43         SH:  0    Dex: 12    Spells: 4/5 levels left

rFire   . . .      SeeInvis .   c - +2 dagger (venom)
rCold   . . .      Faith    .   (no shield)
rNeg    . . .      Spirit   .   (helmet restricted)
rPois   .          Reflect  .   (no amulet)
rElec   .          Harm     .   (no ring)
rCorr   .          Rampage  .   (no ring)
Will    .....                   (no ring)
Stlth   +++.......              (no ring)
HPRegen 0.05/turn               (no ring)
MPRegen 0.09/turn               (no ring)
                                (no ring)
                                (no ring)

@: very slightly contaminated
A: almost no armour, amphibious, 8 rings, camouflage 1, gelatinous body 1,
(nimble swimmer 1), tentacles
a: no special abilities


You were on level 1 of the Dungeon.
You visited 1 branch of the dungeon, and saw 1 of its levels.

You collected 43 gold pieces.

Inventory:

Hand Weapons
 c - a +2 dagger of venom (weapon)
Missiles
 b - 5 stones
Scrolls
 a - a scroll of torment {unknown}


   Skills:
 + Level 0.2 Fighting
 + Level 2.0 Dodging
 + Level 2.7 Stealth
 + Level 2.2 Spellcasting
 + Level 1.0 Conjurations
 + Level 3.4 Air Magic


You had 4 spell levels left.
You knew the following spells:

 Your Spells              Type           Power      Damage    Failure   Level
a - Shock                 Conj/Air       36%        1d5       8%          1

Your spell library contained the following spells:

 Spells                   Type           Power      Damage    Failure   Level
 Static Discharge         Conj/Air       9%         N/A       12%         2
 Swiftness                Air            13%        N/A       14%         3
 Airstrike                Air            6%         N/A       41%         4


Dungeon Overview and Level Annotations

Branches:
Dungeon (1/15)

Altars:

Shops:
D:1 [


Innate Abilities, Weirdness & Mutations

You cannot wear most types of armour.
You are amphibious.
You can wear up to eight rings at the same time.
Your skin changes colour to match your surroundings (Stealth+).
Your rubbery body absorbs attacks. (AC +1, EV +1)
((You are camouflaged near water. (Stealth+)))
You have tentacles for arms and can constrict up to eight enemies at once.


Message History

You kill the endoplasm!
Unknown command.
Casting: Shock (safe; 8% risk of failure)
Confirm with . or Enter, or press ? or * to list all spells.
Aiming: Shock (safe; 8% risk of failure)
Press: ? - help, Shift-Dir - straight line, f - jackal
Aim: a jackal (60% to hit)
You miscast Shock.
You are very lightly contaminated with residual magic.
Nothing appears to happen.
A jackal comes into view.
The jackal barely misses you.
The jackal barks!
You hit the jackal.
The jackal is poisoned.
You grab the jackal.
The jackal is moderately wounded.
You constrict the jackal, but do no damage.
You hear a shout!
The jackal misses you.
You hit the jackal.
The jackal is almost dead.
You constrict the jackal.
You kill the jackal!
The quokka barely misses you.
A jackal comes into view.
A hobgoblin comes into view.
The quokka twitches its whiskers.
The quokka bites you. The jackal barely misses you.
The quokka barely misses you.
You see here a jackal corpse.
The jackal barks!
You hit the quokka. You grab the quokka.
The quokka is lightly wounded.
You constrict the quokka. The jackal bites you.
* * * LOW HITPOINT WARNING * * *
The quokka barely misses you.
You hit the quokka but do no damage.
The quokka is moderately wounded.
You constrict the quokka.
The jackal bites you but does no damage.
The quokka bites you.
You die...

######.......#.
#.......#..........
#.......#..........
#.......#........[.
#.......#..........
#.......#.....h....
####.####$.....g...
###### #.# ##.rh......
.....####.# #..@h......
.......##.# #$########.
.......##.# #.#..
.......##.# #)#.#
.......##.# #.#.#
.......##'# #.#.#
.......##.# ##.#.#
......###.###..#.#####..
†.....+..∩..+...........


You could see a quokka, 3 jackals and a hobgoblin.

Vanquished Creatures
  A dart slug (D:1)
  An endoplasm (D:1)
  A giant cockroach (D:1)
  2 goblins (D:1)
  A hobgoblin (D:1)
  A jackal (D:1)
  2 bats (D:1)
  2 kobolds (D:1)
  3 rats (D:1)
14 creatures vanquished.

Notes
Turn   | Place    | Note
-------+----------+-------------------------------------------
     0 | D:1      | cheechan the Octopode Air Elementalist began the quest for
                  | the Orb.
     0 | D:1      | Reached XP level 1. HP: 11/11 MP: 3/3
   357 | D:1      | Reached XP level 2. HP: 11/17 MP: 1/5
   484 | D:1      | Found Raudub Zirusm's Armour Shoppe.
   528 | D:1      | Slain by a quokka

Illustrated notes

Levels and vault maps discovered:
D:1:      erik_arrival_cave_to_civilisation [erik_arrival_cave_to_hall],
          layout_basic, serial_shops, nicolae_shop_hallway_plus,
          lemuel_flame_loot_1

Action                   || total
-------------------------++-------
Melee: Dagger            ||    13
       Constrict         ||     5
 Cast: Shock             ||    17
Armor: Skin              ||     2
Dodge: Dodged            ||     9

Table legend: (Time is in decaauts)
 A = Elapsed time spent in this place.
 B = Non-inter-level travel time spent in this place.
 C = Inter-level travel time spent in this place.
 D = Time resting spent in this place.
 E = Time spent auto-exploring this place.
 F = Levels seen in this place.
 G = Mean time per level.
                   A        B        C        D        E       F      G
               +--------+--------+--------+--------+--------+-----+--------+
         Total |    527 |    527 |      0 |      0 |      0 |   1 |  527.0 |
       Dungeon |    527 |    527 |      0 |      0 |      0 |   1 |  527.0 |
               +--------+--------+--------+--------+--------+-----+--------+

Top non-repeatable levels by time:
     D:1: 527 daAuts
